 Dungeon Crawl Stone Soup version 0.31.0-9-g3a7656b989 (webtiles) character file.

Game seed: 3846858584317853400

609 Kallu the Apothecary (level 7, -8/40 HPs)
             Began as a Vampire Alchemist on Jan 29, 2024.
             Was a Priest of Sif Muna.
             Shot with an arrow by a centaur (10 damage)
             ... on level 5 of the Dungeon.
             The game lasted 00:09:18 (4018 turns).

Kallu the Apothecary (Vampire Alchemist)            Turns: 4018, Time: 00:09:18

Health: -8/40      AC:  2    Str:  7    XL:     7   Next: 19%
Magic:  10/11      EV: 12    Int: 19    God:    Sif Muna [***...]
Gold:   292        SH:  0    Dex: 15    Spells: 6/12 levels left

rFire   . . .        a - +2 dagger (elec)
rCold   + + .        (no shield)
rNeg    + + +        p - +0 robe
rPois   ∞            (no helmet)
rElec   .            (no cloak)
rCorr   .            (no gloves)
SInv    +            (no boots)
Will    .....        (no amulet)
Stlth   +++++        (no ring)
HPRegen 0.00/turn    (no ring)
MPRegen 0.12/turn

%: no passive effects
@: bloodless, inhibited regen
A: bloodless, fangs 3, see invisible, vampiric 2
a: Bat Form, Revivify, Renounce Religion, Channel Magic, Forget Spell


You were on level 5 of the Dungeon.
You worshipped Sif Muna.
Sif Muna was most pleased with you.
You visited 1 branch of the dungeon, and saw 5 of its levels.

You collected 292 gold pieces.

Inventory:

Hand Weapons
 a - a +2 dagger of electrocution (weapon)
 b - a +1 dagger of venom
 x - a +2 dagger of flaming
Missiles
 f - 3 atropa-tipped darts
 q - 6 poisoned darts
 v - a throwing net
Armour
 p - a +0 robe (worn)
Jewellery
 d - a +6 ring of intelligence
Scrolls
 c - 6 scrolls of identify {unknown}
 g - a scroll of brand weapon {unknown}
 i - a scroll of blinking {unknown}
 j - 2 scrolls of fog {unknown}
 k - 4 scrolls of teleportation {unknown}
 l - a scroll of butterflies {unknown}
 n - 4 scrolls of immolation {unknown}
 o - a scroll of noise {unknown}
 r - a scroll of enchant weapon {unknown}
 w - a scroll of acquirement {unknown}
Potions
 e - a potion of curing {unknown}
 h - 2 potions of enlightenment {unknown}
 m - 3 potions of mutation {unknown}
 s - a potion of degeneration {unknown}
 t - a potion of heal wounds {unknown}
 u - a potion of magic


   Skills:
 - Level 2.0 Fighting
 - Level 2.1 Dodging
 - Level 6.0 Stealth
 - Level 3.0 Spellcasting
 - Level 0.6 Conjurations
 + Level 1.5 Fire Magic
 + Level 7.0 Alchemy


You had 6 spell levels left.
You knew the following spells:

 Your Spells              Type           Power      Damage    Failure   Level
a - Sting                 Conj/Alch      68%        1d7       3%          1
b - Mercury Vapours       Alch/Air       32%        N/A       5%          2
c - Mephitic Cloud        Conj/Alch/Air  12%        N/A       16%         3

Your spell library contained the following spells:

 Spells                   Type           Power      Damage    Failure   Level
 Olgreb's Toxic Radiance  Alch           29%        N/A       9%          4
 Static Discharge         Conj/Air       6%         3-4/arc   21%         2
 Ensorcelled Hibernation  Hex/Ice        4%         N/A       22%         2
 Sticky Flame             Fire/Alch      19%        2d6       26%         4
 Passwall                 Erth           2%         N/A       41%         3
 Swiftness                Air            2%         N/A       41%         3
 Airstrike                Air            1%         2d(1-17)  83%         4
 Summon Lightning Spire   Summ/Air       2%         N/A       83%         4


Dungeon Overview and Level Annotations

Branches:
Dungeon (5/15)             Temple (0/1) D:5

Altars:
Sif Muna

Shops:
D:4 (*

Annotations:
D:3 3 runed translucent doors, Amplified's ghost, amateur DsEn; Crazy Yiuf


Innate Abilities, Weirdness & Mutations

You do not regenerate when monsters are visible.
You are frail without blood (-20% HP).
You can heal yourself when you bite living creatures.
You are immune to poison.
You have razor-sharp teeth.
You have supernaturally acute eyesight. (SInv)
You are afflicted with vampirism and can become a bat while bloodless.


Message History

You closely miss the howler monkey. Your bite misses the howler monkey.
The howler monkey is lightly wounded.
The howler monkey hits you but does no damage.
You barely miss the howler monkey.
The howler monkey is lightly wounded.
The howler monkey completely misses you.
You hit the howler monkey.
The howler monkey is moderately wounded.
The howler monkey hits you.
You hit the howler monkey. Your bite misses the howler monkey.
The howler monkey is moderately wounded.
The howler monkey hoots and howls with incredible vigour!
A centaur comes into view.
Aiming: Sting (safe; 3% risk of failure)
Press: ? - help, Q - select action, (/) - cycle Shift-Dir - straight line, f - howler monkey
Aim: a howler monkey (moderately wounded, catching its breath, 71% to hit)
The sting misses the howler monkey.
The centaur wields a +0 shortbow.
The centaur shoots an arrow.
The arrow hits you! The howler monkey hits you.
The howler monkey closely misses you.
The centaur shoots an arrow.
The arrow hits you!
* * * LOW HITPOINT WARNING * * *
Aiming: Sting (safe; 3% risk of failure)
Press: ? - help, Q - select action, (/) - cycle Shift-Dir - straight line, f/p - howler monkey
Aim: a howler monkey (moderately wounded, catching its breath, 71% to hit)
Okay, then.
You aren't carrying any items that you can evoke.
Unknown command.
Okay, then.
Unknown command.
The centaur shoots an arrow.
The arrow hits you.
* * * LOW HITPOINT WARNING * * *
Casting: Sting (safe; 3% risk of failure)
Confirm with . or Enter, or press ? or * to list all spells.
Aiming: Mephitic Cloud (dangerous; 16% risk of failure)
Press: ? - help, Shift-Dir - straight line, p - howler monkey
Okay, then.
Unknown command.
The centaur shoots an arrow.
The arrow hits you!
You die...

####### #.....# #.....#
........# #.....#
.........# #h....#
.........# #.....#
.........# #@....####
.........## ##........# ..
..........###.........#
........................##
........................#
#...##.............c......
#..................§§...#.
#...†.............§§..#
##...........#..§.....


You could see a centaur and a howler monkey (catching breath).

Vanquished Creatures
  Sigmund (D:2)
  An ogre (D:4)
  Blork the orc (D:4)
  An orc priest (D:4)
  A sleepcap (D:4)
  2 iguanas
  An orc wizard (D:4)
  3 gnolls (D:4)
  5 adders
  2 dart slugs
  A ribbon worm (D:2)
  15 orcs
  4 bats
  2 endoplasms
  2 giant cockroaches
  8 goblins
  5 hobgoblins
  2 jackals (D:3)
  6 quokkas
  4 ball pythons
  3 frilled lizards
  3 kobolds
  5 rats
78 creatures vanquished.

Notes
Turn   | Place    | Note
-------+----------+-------------------------------------------
     0 | D:1      | Kallu the Vampire Alchemist began the quest for the Orb.
     0 | D:1      | Reached XP level 1. HP: 13/13 MP: 3/3
   183 | D:1      | Found a faded altar of an unknown god.
   238 | D:1      | Prayed at the altar of an unknown god.
   238 | D:1      | Became a worshipper of Sif Muna the Loreminder
   238 | D:1      | Reached * piety under Sif Muna
   266 | D:1      | Reached XP level 2. HP: 19/19 MP: 0/5
   787 | D:1      | Learned a level 2 spell: Mercury Vapours
  1016 | D:2      | Gained mutation: You are afflicted with vampirism and can
                  | become a bat while bloodless. [Vampire growth]
  1016 | D:2      | Reached XP level 3. HP: 23/24 MP: 2/7
  1175 | D:2      | Noticed Sigmund
  1207 | D:2      | Killed Sigmund
  1208 | D:2      | Reached skill level 6 in Alchemy
  1208 | D:2      | Reached skill level 1 in Fighting
  1208 | D:2      | Reached XP level 4. HP: 27/32 MP: 0/8
  1208 | D:2      | Reached XP level 5. HP: 31/37 MP: 0/9
  1218 | D:2      | Reached ** piety under Sif Muna
  1224 | D:2      | Learned a level 3 spell: Mephitic Cloud
  1982 | D:3      | Found a runed translucent door.
  1983 | D:3      | Noticed Crazy Yiuf
  2081 | D:3      | Found a large runed translucent door.
  2082 | D:3      | Found a large runed translucent door.
  2087 | D:3      | Noticed Amplified's ghost (amateur DsEn)
  2719 | D:4      | Noticed Blork the orc
  2719 | D:4      | Found Orphuiru's Assorted Antiques.
  2737 | D:4      | Killed Blork the orc
  2738 | D:4      | Reached XP level 6. HP: 4/44 MP: 5/10
  2893 | D:4      | Reached skill level 5 in Stealth
  3232 | D:4      | Reached XP level 7. HP: 33/50 MP: 1/11
  3341 | D:4      | Identified the +0 ring mail "Suebruj" {rN++}
  3436 | D:4      | Reached skill level 1 in Fire Magic
  3700 | D:4      | Found Hahawunt's Weapon Emporium.
  3859 | D:5      | Entered Level 5 of the Dungeon
  3982 | D:5      | Reached *** piety under Sif Muna
  4000 | D:5      | Found a staircase to the Ecumenical Temple.
  4009 | D:5      | Reached skill level 7 in Alchemy
  4017 | D:5      | HP: 2/40 [centaur/arrow (6)]
  4018 | D:5      | Shot with an arrow by a centaur

Illustrated notes

Levels and vault maps discovered:
D:1:      noname_arrival_rooms_in_the_neighbourhood, layout_basic,
          basic_ecumenical_altar
D:2:      layout_rooms, basic_altar, uniq_sigmund
D:3:      layout_basic, ebering_ghost_disaster_area, uniq_crazy_yiuf_cottage
D:4:      layout_basic, serial_shops, shop, shop, minmay_cut_off,
          uniq_blork_the_orc
D:5:      layout_rooms, minmay_temple_entry_purple_smoke, serial_shops, shop

Skill      XL: |  1  2  3  4  5  6  7 |
---------------+----------------------+-----
Spellcasting   | 3 |  3.0
Alchemy        | 6 7 |  7.0
Fighting       | 1 2 |  2.0
Stealth        | 4 6 |  6.0
Fire Magic     | 1 |  1.5
Dodging        | |  2.1
Conjurations   | |  0.6

Action                     |  1- 3 |  4- 6 |  7- 9 || total
---------------------------+-------+-------+-------++-------
  Melee: Unarmed           |     4 |       |       ||     4
         Bite              |     4 |     9 |     4 ||    17
         Punch             |     1 |     2 |       ||     3
         Spear             |    27 |       |       ||    27
         Trident           |     9 |    14 |       ||    23
         Dagger            |       |    71 |    43 ||   114
   Cast: Sting             |    32 |    42 |    11 ||    85
         Mercury Vapours   |     3 |       |     2 ||     5
         Mephitic Cloud    |       |     3 |     1 ||     4
Ability: Exsanguinate      |       |       |     1 ||     1
   Stab: Sleeping          |     1 |     6 |     2 ||     9
         Confused          |       |       |     2 ||     2
 Armour: Robe              |    38 |    53 |    23 ||   114
  Dodge: Dodged            |    30 |    62 |    31 ||   123
